 Dungeon Crawl Stone Soup version 0.23.2-40-g277498a001 (webtiles) character file.

Game seed: 5252233325272351511

98 Marnok the Shield-Bearer (level 4, -2/60 HPs)
             Began as a Minotaur Fighter on Oct 15, 2019.
             Slain by a two-headed ogre
             ... wielding a +0 giant club
              (17 damage)
             ... on level 3 of the Dungeon.
             The game lasted 00:04:48 (1450 turns).

Marnok the Shield-Bearer (Minotaur Fighter)         Turns: 1450, Time: 00:04:49

Health: -2/60      AC:  9    Str: 27    XL:     4   Next: 43%
Magic:  3/3        EV:  8    Int:  5    God:
Gold:   225        SH: 10    Dex:  9    Spells: 3/3 levels left

rFire    . . .     SeeInvis +   a - +0 trident
rCold    + . .     Gourm    .   c - +0 shield
rNeg     . . .     Faith    .   b - +0 scale mail
rPois    .         Spirit   .   (helmet restricted)
rElec    .         Reflect  .   (no cloak)
rCorr    .         Harm     .   (no gloves)
MR       .....                  (no boots)
Stlth    ..........             (no amulet)
HPRegen  0.20/turn              m - ring of wizardry
MPRegen  0.08/turn              (no ring)

@: berserking, very quick
A: retaliatory headbutt, horns 2, thin metallic scales 1, see invisible, cold
resistance 1
a: no special abilities


You were on level 3 of the Dungeon.
You were not hungry.

You visited 1 branch of the dungeon, and saw 4 of its levels.

You collected 225 gold pieces.

Inventory:

Hand Weapons
 a - a +0 trident (weapon)
Armour
 b - a +0 scale mail (worn)
 c - a +0 shield (worn)
Jewellery
 m - a ring of wizardry (left hand)
Scrolls
 d - a scroll of magic mapping {unknown}
 e - a scroll of remove curse {unknown}
 h - a scroll of fog {unknown}
 i - 2 scrolls of teleportation {unknown}
 j - a scroll of identify
Potions
 g - a potion of brilliance {unknown}
 k - 2 potions of lignification {unknown}
 l - 2 potions of berserk rage
 n - a potion of agility {unknown}
Comestibles
 f - 6 rations


   Skills:
 + Level 4.1 Fighting
 + Level 3.8 Polearms
 + Level 4.3 Armour
 + Level 0.5 Dodging
 + Level 4.5 Shields


You had 3 spell levels left.
You didn't know any spells.
Your spell library was empty.

Dungeon Overview and Level Annotations

Branches:
Dungeon (4/15)
 Temple: D:4-7

Altars:
Nemelex Xobeh
Sif Muna


Innate Abilities, Weirdness & Mutations

You reflexively headbutt those who attack you in melee.
You have a pair of horns on your head.
You are partially covered in thin metallic scales. (AC +2)
You have supernaturally acute eyesight. (SInv)
Your flesh is cold resistant. (rC+)


Message History

Found a stone staircase leading down.
You block the quokka zombie's attack.
You closely miss the quokka zombie. You headbutt the quokka zombie!
You destroy the quokka zombie!
The two-headed ogre closely misses you.
The two-headed ogre hits you with a +0 dire flail!
You closely miss the two-headed ogre. You headbutt the two-headed ogre!
The two-headed ogre is lightly wounded.
You block the bat's attack.
The two-headed ogre hits you with a +0 giant club.
You block the two-headed ogre's attack.
A red film seems to cover your vision as you go berserk!
You feel yourself moving faster!
You feel mighty! You block the bat's attack.
You hit the two-headed ogre. You headbutt the two-headed ogre!!
The two-headed ogre is heavily wounded.
You block the bat's attack. x2
The two-headed ogre hits you with a +0 giant club!
* * * LOW HITPOINT WARNING * * *
The two-headed ogre hits you with a +0 dire flail!
You die...

#..........# ###
#..........#
..########........##
#......>..........##
#########..........#
# #..........##
#...........##
#............#
#.##..##@.##.#
#.#....bO..#.#
#............#
...........##
.#.....%..##
#....>...#
...........
...........#


You could see a two-headed ogre and a bat.

Vanquished Creatures
  Terence (D:2)
  3 adders (D:2)
  A dart slug (D:1)
  A leopard gecko (D:3)
  A giant cockroach (D:2)
  8 goblins
  3 hobgoblins
  A jackal (D:1)
  6 bats
  4 frilled lizards
  6 kobolds
  A quokka zombie (D:3)
  10 rats
46 creatures vanquished.

Notes
Turn   | Place    | Note
-------+----------+-------------------------------------------
     0 | D:1      | Marnok the Minotaur Fighter began the quest for the Orb.
     0 | D:1      | Reached XP level 1. HP: 19/19 MP: 0/0
   154 | D:1      | Reached XP level 2. HP: 27/27 MP: 1/1
   444 | D:1      | Reached XP level 3. HP: 33/33 MP: 2/2
   716 | D:2      | Noticed Terence
   728 | D:2      | Killed Terence
   732 | D:2      | Reached XP level 4. HP: 8/40 MP: 3/3
   892 | D:2      | Found a deep blue altar of Sif Muna.
   895 | D:2      | Found a sparkling altar of Nemelex Xobeh.
  1080 | D:2      | Gained mutation: Your magical capacity is low. (-10% MP)
                  | [potion of mutation]
  1080 | D:2      | Gained mutation: You expend magic power (3 MP) to
                  | strengthen your wands. [potion of mutation]
  1081 | D:2      | Lost mutation: Your magical capacity is low. (-10% MP)
                  | [potion of mutation]
  1081 | D:2      | Lost mutation: You expend magic power (3 MP) to strengthen
                  | your wands. [potion of mutation]
  1081 | D:2      | Gained mutation: You have supernaturally acute eyesight.
                  | (SInv) [potion of mutation]
  1081 | D:2      | Gained mutation: Your flesh is cold resistant. (rC+)
                  | [potion of mutation]
  1081 | D:2      | Gained mutation: You are partially covered in thin metallic
                  | scales. (AC +2) [potion of mutation]
  1444 | D:3      | Noticed a two-headed ogre
  1450 | D:3      | Slain by a two-headed ogre

Skill      XL: |  1  2 |
---------------+-------+-----
Shields        | 4 |  4.5
Armour         | 4 |  4.3
Fighting       | 4 |  4.1
Polearms       | 3 |  3.8
Dodging        | |  0.5

Action                   |  1- 3 |  4- 6 || total
-------------------------+-------+-------++-------
Melee: Trident           |    78 |    29 ||   107
       Headbutt          |     9 |     4 ||    13
  Use: Potion            |     1 |     3 ||     4
       Scroll            |       |     2 ||     2
  Eat: Chunk             |       |     2 ||     2
Armor: Scale mail        |    40 |    14 ||    54
Dodge: Dodged            |    31 |     9 ||    40
Block: Shield            |    47 |    18 ||    65
